Map: [ESL] Ancient Cistern

Players

Maru - Winner!

  • Race: Terran Terran
  • Spawn Location: 7:00

Bunny

  • Race: Terran Terran
  • Spawn Location: 1:00

Event: ESL SC2 Masters 2023 Summer (Finals)

VOD

Have the link to the VOD?

Description

Time

  • Played on: June 16, 2023, 10:22 a.m.
  • Length: 8:39

All games in this series

Show
View Real Time Build Order
Export as new Build Order

Maru Terran - Winner!

Build Orders: Gas First Reaper Expand 

Get SALT Encoding   

  12  0:00  SCV  
  13  0:12  SCV  
  14  0:17  Supply Depot  
  14  0:24  SCV  
  14  0:27  Refinery  
  15  0:38  SCV  
  16  0:43  Barracks  
  16  0:50  SCV  
  17  1:03  SCV  
  18  1:15  SCV  
  19  1:30  Orbital Command, Reaper  
  20  1:40  Command Center  
  20  1:51  Factory  
  20  1:56  SCV  
  21  2:05  Supply Depot  
  21  2:07  Barracks Reactor  
  21  2:08  SCV  
  22  2:14  Refinery  
  22  2:20  SCV  
  23  2:32  SCV  
  24  2:43  Starport  
  24  2:44  SCV  
  24  2:51  Hellion x2  
  29  2:53  Orbital Command  
  29  2:56  SCV  
  29  3:02  Marine  
  28  3:08  SCV  
  28  3:14  Hellion  
  28  3:19  Hellion  
  30  3:20  SCV  
  30  3:23  SCV  
  32  3:28  Medivac  
  32  3:30  Barracks Tech Lab  
  32  3:32  SCV  
  35  3:35  SCV  
  36  3:41  Supply Depot  
  36  3:45  SCV  
  36  3:47  SCV  
  38  3:52  Cyclone  
  41  3:55  Marine  
  41  3:56  Marine  
  41  3:57  SCV  
  41  3:59  SCV, Starport Tech Lab  
  45  4:03  Supply Depot  
  45  4:09  SCV  
  46  4:12  SCV  
  46  4:13  Marine  
  46  4:14  Marine  
  49  4:19  Raven  
  49  4:21  SCV  
  53  4:24  SCV  
  53  4:25  Siege Tank  
  53  4:27  Refinery  
  56  4:32  Supply Depot  
  56  4:33  SCV, Marine  
  56  4:37  SCV  
  58  4:43  Marine  
  58  4:45  SCV  
  60  4:51  Marine  
  61  4:54  Raven  
  61  4:57  SCV  
  62  5:01  Marine  
  62  5:07  Siege Tank  
  59  5:09  Marine, SCV  
  56  5:17  Orbital Command  
  56  5:19  Marine  
  52  5:21  SCV  
  52  5:27  Marine  
  52  5:33  SCV  
  52  5:35  Raven  
  51  5:43  SCV  
  51  5:45  SCV  
  51  5:49  Refinery  
  53  5:55  Command Center  
  53  5:57  SCV  
  53  5:58  SCV  
  53  6:03  Siege Tank  
  58  6:10  SCV  
  59  6:12  SCV  
  59  6:16  Supply Depot  
  60  6:22  SCV  
  60  6:23  Viking x2  
  60  6:24  SCV  
  66  6:27  Marine  
  67  6:34  SCV  
  67  6:36  SCV  
  67  6:37  Siege Tank  
  71  6:42  Refinery  
  71  6:45  Marine  
  71  6:46  SCV  
  72  6:48  SCV  
  72  6:53  Viking  
  75  6:58  SCV  
  75  7:00  SCV  
  77  7:02  Viking  
  77  7:08  Barracks  
  77  7:09  Barracks, Orbital Command  
  77  7:10  SCV  
  77  7:12  SCV  
  79  7:16  Siege Tank  
  79  7:20  Marine  
  79  7:22  SCV  
  84  7:27  Supply Depot  
  84  7:31  SCV  
  84  7:34  SCV  
  84  7:36  SCV  
  84  7:43  SCV  
  85  7:46  SCV  
  85  7:48  Siege Tank  
  85  7:49  SCV  
  87  7:53  Viking  
  87  7:55  SCV  
  87  7:59  Barracks Reactor  
  87  8:00  Barracks Reactor  
  87  8:02  Marine  
  87  8:05  SCV x2  
  90  8:07  SCV  
  90  8:08  Viking  
  93  8:15  Engineering Bay  
  93  8:17  Engineering Bay  
  93  8:25  SCV x2  
Show
View Real Time Build Order
Export as new Build Order

Bunny Terran 

Build Orders:  

Get SALT Encoding   

  12  0:00  SCV  
  13  0:12  SCV  
  14  0:17  Supply Depot  
  14  0:24  SCV  
  15  0:38  SCV  
  15  0:40  Barracks  
  15  0:42  Refinery  
  16  0:50  SCV  
  16  0:52  Refinery  
  17  1:02  SCV  
  18  1:14  SCV  
  19  1:27  Orbital Command, Reaper  
  19  1:30  Supply Depot  
  20  1:40  Factory  
  20  1:52  SCV  
  21  1:59  Reaper  
  22  2:04  SCV  
  23  2:14  Command Center  
  23  2:16  SCV  
  24  2:24  Hellion  
  24  2:28  SCV  
  27  2:32  Barracks Reactor  
  27  2:34  Supply Depot  
  27  2:40  SCV  
  28  2:48  Factory Tech Lab  
  28  2:56  SCV  
  29  3:03  Starport  
  29  3:12  SCV  
  30  3:15  Cyclone  
  31  3:20  Marine  
  31  3:21  Marine  
  31  3:24  SCV  
  31  3:26  Orbital Command  
  34  3:36  SCV  
  34  3:38  Marine x2  
  34  3:39  Medivac, Refinery  
  39  3:47  Siege Tank  
  42  3:49  SCV  
  42  3:51  SCV  
  44  3:56  Marine x2, Supply Depot  
  44  4:02  SCV  
  47  4:03  SCV  
  48  4:11  Starport Tech Lab  
  48  4:14  Marine x2  
  50  4:18  SCV x2  
  50  4:19  Siege Tank  
  50  4:20  Supply Depot  
  55  4:29  Raven, Supply Depot  
  57  4:32  Marine x2, SCV x2  
  53  4:49  Marine  
  53  4:50  Marine  
  53  4:51  Siege Tank  
  56  5:01  SCV x2  
  57  5:07  Marine  
  56  5:22  SCV  
  56  5:23  SCV  
  53  5:36  Siege Tank  
  53  5:37  SCV  
  53  5:38  SCV  
  59  5:50  SCV x2  
  59  5:54  Viking  
  59  5:57  Viking, Supply Depot  
  64  5:59  Marine  
  64  6:02  SCV  
  66  6:04  SCV  
  67  6:11  Siege Tank  
  70  6:21  Marine  
  70  6:24  Viking  
  73  6:29  Viking  
  75  6:35  SCV x2  
  75  6:38  Marine  
  78  6:40  Supply Depot  
  78  6:44  Siege Tank  
  81  6:47  SCV  
  81  6:48  SCV  
  79  7:02  Viking  
  80  7:10  Marine  
  81  7:16  Viking  
  81  7:21  SCV x2  
  85  7:28  Marine  
  86  7:35  Siege Tank  
  74  7:47  Viking  
  63  7:51  Marine  
  63  7:52  Viking  
  63  7:54  SCV x2  
  67  8:06  SCV x2  
Tags
 
Add a new tag
Caveats
  • Supply blocks, unpowered buildings, or Contaminate may cause inaccurate times.
  • Supply counts are checked every 10 seconds.